Map: Arctic Dream LE

Players

simba - Winner!

  • Race: Protoss Protoss
  • League: Platinum
  • Spawn Location: 5:00

Delovoy - Winner!

  • Race: Zerg Zerg
  • Spawn Location: 6:00

Massa

  • Race: Terran Terran
  • League: Platinum
  • Spawn Location: 12:00

qqq

  • Race: Zerg Zerg
  • League: Platinum
  • Spawn Location: 11:00

VOD

Have the link to the VOD?

Description

Time

  • Played on: Dec. 5, 2020, 9:38 a.m.
  • Length: 16:12
Show
View Real Time Build Order
Export as new Build Order

simba Protoss - Winner!

Build Orders: Nexus First, Carriers 

Get SALT Encoding   

  12  0:00  Probe  
  13  0:13  Probe  
  14  0:17  Pylon  
  14  0:25  Probe (Chrono Boost)  
  15  0:37  Probe (Chrono Boost)  
  16  0:44  Probe (Chrono Boost)  
  17  0:51  Probe  
  18  1:02  Nexus  
  18  1:12  Gateway  
  18  1:15  Probe (Chrono Boost)  
  19  1:21  Assimilator  
  20  1:26  Probe (Chrono Boost)  
  20  1:28  Assimilator  
  20  1:31  Probe (Chrono Boost)  
  21  1:38  Pylon  
  21  1:41  Probe  
  22  1:53  Probe  
  23  2:05  Probe (Chrono Boost), Cybernetics Core  
  24  2:17  Probe (Chrono Boost)  
  24  2:18  Probe (Chrono Boost)  
  26  2:24  Assimilator  
  26  2:26  Probe x2 (Chrono Boost)  
  28  2:31  Probe (Chrono Boost)  
  28  2:32  Probe (Chrono Boost)  
  30  2:42  Stargate  
  30  2:44  Probe  
  31  2:46  Stargate  
  31  2:51  Pylon, Adept  
  31  2:56  Probe  
  31  2:57  Probe  
  35  3:02  Assimilator  
  35  3:08  Probe  
  35  3:12  Probe  
  37  3:20  Probe  
  37  3:22  Void Ray (Chrono Boost)  
  37  3:23  Void Ray (Chrono Boost)  
  37  3:24  Probe  
  39  3:32  Probe  
  48  3:36  Probe  
  49  3:42  Pylon  
  49  3:47  Pylon  
  50  3:48  Probe x2  
  50  3:54  Void Ray (Chrono Boost)  
  51  3:57  Void Ray (Chrono Boost)  
  51  4:00  Probe x2  
  61  4:12  Probe  
  61  4:13  Probe  
  63  4:28  Pylon, Void Ray (Chrono Boost)  
  63  4:32  Pylon  
  63  4:35  Pylon  
  67  4:42  Void Ray (Chrono Boost)  
  67  4:48  Fleet Beacon  
  71  5:13  Oracle (Chrono Boost)  
  68  5:25  Void Ray (Chrono Boost)  
  72  5:32  Probe  
  72  5:33  Probe  
  74  5:39  Flux Vanes  
  74  5:43  Pylon  
  74  5:45  Probe x2  
  74  5:46  Forge  
  74  5:49  Protoss Air Weapons Level 1 (Chrono Boost)  
  76  6:10  Carrier  
  82  6:26  Photon Cannon  
  82  6:37  Nexus  
  82  6:45  Probe x2  
  84  6:48  Pylon  
  84  6:52  Pylon  
  90  6:56  Carrier (Chrono Boost)  
  90  6:57  Probe x2  
  92  7:03  Stargate  
  92  7:04  Stargate  
  92  7:09  Probe x2, Photon Cannon  
  92  7:10  Photon Cannon  
  92  7:14  Photon Cannon  
  92  7:15  Photon Cannon  
  94  7:18  Assimilator  
  94  7:20  Assimilator  
  94  7:21  Probe x2  
  96  7:33  Probe  
  97  7:41  Protoss Air Armor Level 1  
  97  7:42  Probe  
  97  7:43  Carrier (Chrono Boost)  
  104  7:45  Probe  
  104  7:49  Carrier (Chrono Boost)  
  111  7:54  Probe  
  111  7:57  Probe x2  
  114  8:06  Probe  
  114  8:09  Probe x2  
  123  8:13  Carrier  
  111  8:31  Probe  
  112  8:50  Carrier x2  
  111  9:09  Probe x3  
  114  9:11  Carrier  
  120  9:21  Probe  
  121  9:29  Nexus  
  121  9:32  Pylon  
  121  9:35  Pylon  
  121  9:37  Pylon  
  121  9:41  Pylon  
  121  9:44  Pylon  
  121  9:45  Assimilator  
  121  9:50  Probe, Carrier, Assimilator  
  121  9:51  Probe  
  121  9:52  Probe  
  130  9:54  Carrier  
  130  9:55  Carrier  
  130  9:59  Cybernetics Core  
  142  10:02  Probe, Pylon  
  143  10:09  Photon Cannon  
  143  10:10  Photon Cannon  
  143  10:12  Photon Cannon  
  143  10:14  Photon Cannon  
  143  10:16  Photon Cannon  
  143  10:19  Void Ray  
  143  10:20  Photon Cannon  
  143  10:21  Probe x2, Photon Cannon  
  143  10:22  Probe  
  143  10:23  Photon Cannon  
  143  10:26  Photon Cannon  
  143  10:28  Photon Cannon  
  150  10:32  Shield Battery  
  150  10:35  Shield Battery  
  150  10:46  Nexus  
  150  10:47  Protoss Air Weapons Level 2 (Chrono Boost)  
  150  10:48  Void Ray  
  150  10:49  Protoss Air Armor Level 2 (Chrono Boost)  
  154  11:05  Pylon  
  154  11:08  Void Ray, Pylon  
  154  11:09  Mothership (Chrono Boost)  
  154  11:11  Pylon  
  154  11:13  Pylon  
  154  11:18  Assimilator  
  166  11:23  Assimilator  
  166  11:33  Photon Cannon  
  166  11:34  Photon Cannon  
  166  11:36  Photon Cannon  
  166  11:38  Photon Cannon  
  166  11:40  Photon Cannon  
  166  11:42  Void Ray x2  
  166  11:43  Void Ray  
  166  11:44  Photon Cannon  
  166  11:46  Photon Cannon, Protoss Shields Level 1  
  166  11:49  Shield Battery  
  178  12:12  Probe x2 (Chrono Boost)  
  178  12:15  Photon Cannon x2  
  180  12:17  Photon Cannon  
  180  12:20  Photon Cannon  
  180  12:21  Void Ray  
  180  12:22  Photon Cannon  
  180  12:25  Carrier  
  180  12:26  Carrier, Void Ray  
  200  12:37  Stargate  
  200  12:38  Stargate  
  200  13:03  Protoss Air Weapons Level 3 (Chrono Boost)  
  188  13:35  Carrier x2  
  180  13:41  Void Ray x2  
  182  13:58  Carrier  
  182  13:59  Carrier  
  188  14:11  Twilight Council  
  188  14:24  Carrier  
  194  14:53  Carrier  
Show
View Real Time Build Order
Export as new Build Order

Delovoy Zerg - Winner!

Build Orders: Hatch First 

Get SALT Encoding   

  12  0:01  Drone  
  13  0:12  Overlord  
  13  0:16  Drone  
  14  0:31  Drone x2  
  16  0:51  Hatchery  
  16  0:52  Drone  
  16  0:56  Drone  
  17  0:59  Drone  
  17  1:03  Extractor  
  17  1:17  Spawning Pool  
  16  1:19  Drone  
  16  1:23  Drone  
  18  1:29  Drone  
  19  1:41  Overlord  
  19  1:52  Drone  
  20  2:06  Queen x2  
  20  2:08  Zergling x4  
  26  2:11  Zergling x2  
  27  2:22  Spine Crawler  
  26  2:25  Metabolic Boost  
  26  2:27  Drone  
  27  2:36  Drone  
  28  2:37  Drone x2  
  30  2:50  Drone x3  
  33  3:11  Zergling x2  
  33  3:12  Zergling x4  
  36  3:13  Overlord  
  36  3:25  Overlord  
  36  3:31  Drone x6  
  42  3:36  Roach Warren  
  42  3:39  Queen  
  44  3:41  Drone  
  44  3:55  Drone x8  
  47  3:59  Extractor  
  47  4:00  Overlord  
  47  4:01  Extractor  
  50  4:03  Drone  
  50  4:09  Drone  
  51  4:21  Roach  
  51  4:22  Roach  
  51  4:23  Roach  
  57  4:24  Roach  
  57  4:26  Overlord x2  
  59  4:41  Overlord  
  59  4:50  Zergling x8  
  54  5:04  Zergling x4  
  52  5:23  Lair  
  52  5:24  Hatchery, Pneumatized Carapace  
  51  5:36  Roach  
  51  5:37  Roach x8  
  63  5:56  Roach x2  
  53  6:23  Overseer  
  53  6:32  Overseer  
  49  6:34  Roach x3  
  49  6:35  Roach x6  
  64  6:42  Drone  
  64  6:43  Drone x3  
  65  7:08  Drone  
  65  7:09  Drone x4  
  65  7:10  Glial Reconstitution  
  69  7:19  Drone x5  
  69  7:20  Drone x2  
  76  7:34  Infestation Pit  
  75  7:40  Hydralisk Den  
  74  7:44  Overseer  
  74  7:53  Zergling x20  
  84  8:04  Evolution Chamber  
  83  8:06  Evolution Chamber  
  83  8:10  Grooved Spines  
  83  8:11  Hive  
  82  8:13  Drone x3  
  82  8:14  Drone x5  
  82  8:15  Overlord x4  
  90  8:29  Tunneling Claws  
  90  8:42  Hydralisk  
  90  8:43  Hydralisk x7  
  106  9:00  Hydralisk x8  
  122  9:04  Overlord x2  
  122  9:21  Muscular Augments  
  122  9:23  Extractor  
  121  9:25  Extractor  
  120  9:36  Ultralisk Cavern  
  119  9:43  Drone x10  
  119  9:44  Drone x2  
  130  10:24  Chitinous Plating  
  130  10:26  Ultralisk  
  130  10:28  Overlord x4  
  136  10:29  Zergling x2  
  136  10:30  Zergling x2  
  136  10:32  Hatchery  
  137  10:37  Overseer x2  
  137  10:38  Overseer x2  
  135  11:08  Ultralisk x2  
  146  11:21  Ultralisk  
  152  11:36  Overlord x3  
  152  11:37  Overlord  
  152  11:38  Roach  
  152  11:39  Roach x7  
  168  11:43  Anabolic Synthesis  
  168  11:51  Hatchery  
  167  12:07  Ultralisk x2  
  179  12:09  Hydralisk, Zergling x2, Roach  
  179  12:10  Hydralisk  
  186  12:17  Overseer  
  186  12:35  Zerg Ground Armor Level 1  
  186  12:36  Zerg Melee Weapons Level 1  
  85  13:33  Ultralisk  
  57  13:34  Ultralisk  
  43  13:44  Overlord  
  43  13:45  Overlord x5  
  43  13:47  Ultralisk  
  49  13:56  Overseer x2  
  49  13:57  Roach x2  
  49  13:58  Zergling x2, Roach  
  49  13:59  Zergling x10  
  61  14:06  Overseer  
  61  14:16  Roach x3  
  69  14:17  Roach  
  60  14:41  Ultralisk  
  60  14:42  Zergling x8  
  60  14:43  Zergling x14  
  47  15:21  Ultralisk  
  39  15:30  Hydralisk  
Show
View Real Time Build Order
Export as new Build Order

Massa Terran 

Build Orders: 2 Factory 

Get SALT Encoding   

  12  0:00  SCV  
  13  0:12  SCV  
  14  0:17  Supply Depot  
  14  0:24  SCV  
  15  0:32  Refinery  
  15  0:40  Barracks  
  15  0:44  SCV  
  16  0:56  SCV  
  17  0:59  Supply Depot  
  17  1:08  SCV  
  17  1:11  Refinery  
  18  1:20  SCV  
  19  1:32  SCV  
  20  1:34  Factory  
  20  1:44  Orbital Command  
  20  2:03  Factory  
  20  2:05  Barracks Tech Lab  
  20  2:10  SCV  
  21  2:20  Armory  
  21  2:33  Widow Mine, Barracks Reactor  
  23  2:38  SCV  
  24  2:50  Widow Mine  
  26  2:57  Widow Mine  
  28  3:04  SCV  
  29  3:10  Drilling Claws  
  31  3:20  Widow Mine, Barracks Tech Lab  
  31  3:30  Engineering Bay  
  31  3:38  Command Center  
  31  3:56  Supply Depot  
  31  3:58  Supply Depot  
  31  4:05  Supply Depot  
  31  4:10  Missile Turret  
  31  4:18  Widow Mine x3, SCV  
  38  4:28  Terran Vehicle Weapons Level 1  
  38  4:36  Missile Turret  
  38  4:37  SCV  
  39  4:39  Widow Mine x3  
  45  4:56  SCV  
  46  5:01  Widow Mine x3, Orbital Command  
  52  5:08  SCV  
  49  5:22  Widow Mine, SCV  
  52  5:34  SCV  
  53  5:46  SCV  
  53  5:48  Widow Mine x3  
  53  5:49  Marauder  
  54  6:09  Widow Mine  
  54  6:10  Marauder  
  56  6:19  Widow Mine x2  
  56  6:20  SCV x2  
  62  6:26  Missile Turret  
  62  6:31  Widow Mine  
  62  6:32  SCV x2, Barracks x2  
  62  6:40  Barracks  
  62  6:44  SCV x2  
  54  7:20  Barracks Reactor x2  
  54  7:24  Marauder  
  54  7:25  Stimpack  
  54  7:28  Terran Infantry Weapons Level 1  
  56  7:32  Engineering Bay  
  56  7:33  Starport  
  56  7:45  Command Center  
  56  7:46  Marauder  
  56  7:48  Command Center  
  58  7:54  Refinery  
  58  7:57  Missile Turret  
  58  8:00  Marine  
  58  8:01  Barracks Tech Lab  
  58  8:03  Barracks Reactor  
  57  8:07  Marauder  
  59  8:18  Widow Mine x3  
  59  8:19  Marine x4  
  61  8:27  Starport Reactor  
  61  8:28  Marauder  
  63  8:37  Marine x4  
  63  8:39  Widow Mine  
  69  8:44  Marine  
  70  8:54  Refinery, Supply Depot  
  70  8:55  Supply Depot  
  70  8:56  Marine x5  
  70  8:57  Widow Mine x2, Supply Depot  
  70  9:00  SCV x2  
  81  9:07  Marine x2  
  83  9:12  SCV  
  83  9:13  SCV  
  83  9:14  Marine x2  
  83  9:16  Marauder, Marine  
  88  9:18  Terran Infantry Armor Level 1  
  88  9:20  Terran Vehicle And Ship Armor Level 1, Supply Depot x2  
  88  9:22  Supply Depot, Combat Shield  
  88  9:24  SCV  
  88  9:25  SCV, Thor  
  88  9:29  Hellion x2  
  100  9:31  Infernal Pre-Igniter  
  100  9:38  Marauder  
  102  9:39  Orbital Command  
  102  9:40  SCV  
  102  9:42  SCV  
  104  9:50  Missile Turret  
  104  9:51  Hellion  
  106  9:53  Missile Turret  
  106  9:56  Marine x5  
  106  9:59  Marauder  
  113  10:08  Hellion, Siege Tank  
  113  10:12  Hellion  
  118  10:16  Medivac x2  
  118  10:17  Terran Infantry Weapons Level 2  
  118  10:20  Marauder  
  124  10:29  Refinery x2, Hellion  
  126  10:41  Concussive Shells  
  126  10:42  Marauder  
  128  10:50  Marine  
  128  10:51  Marine x4  
  133  10:59  Supply Depot x2  
  133  11:00  Marine, Supply Depot  
  133  11:01  Supply Depot  
  133  11:03  Marauder  
  128  11:08  Marine x2  
  128  11:09  Marine x3  
  133  11:24  Supply Depot  
  133  11:25  Supply Depot  
  133  11:27  Supply Depot  
  133  11:28  SCV x3  
  136  11:36  Marauder, Marine x3  
  136  11:37  Marine x3  
  144  11:40  SCV x3  
  144  11:43  Hellion  
  149  11:52  SCV  
  148  11:57  Marauder  
  148  11:59  Medivac x2  
  154  12:07  SCV x3  
  157  12:18  Marauder  
  157  12:19  SCV x2  
  161  12:29  Medivac  
  163  12:40  Marauder  
  165  12:45  Command Center  
  165  12:46  SCV x3  
  165  12:47  Marine x2  
  165  12:48  Marine x4  
  165  12:50  Viking  
  176  12:58  SCV x3  
  179  13:01  Marauder, Command Center  
  179  13:05  Marine x2  
  142  13:23  Marauder, Marine x6  
  142  13:25  Thor  
  105  13:40  Marine  
  102  13:42  Marine x5  
  102  13:44  Marauder  
  109  13:48  Barracks x2  
  109  13:50  Barracks  
  106  14:05  Marauder  
  106  14:07  Thor  
  114  14:12  Planetary Fortress  
  114  14:17  SCV x3  
  117  14:27  Marauder  
  117  14:29  SCV x3  
  122  14:35  Medivac x2  
  126  14:41  SCV x3  
  126  14:53  SCV  
  126  14:54  SCV x2  
  129  15:05  Medivac x2  
  134  15:07  Barracks Reactor, Barracks Tech Lab, Marauder  
  134  15:08  Barracks Tech Lab, Marine x2  
  134  15:09  Marine x4  
  134  15:10  Siege Tank  
  134  15:11  Widow Mine  
  134  15:12  Widow Mine  
  147  15:26  Marine  
  147  15:28  Marauder  
  144  15:40  Marine  
  144  15:41  Marine x6  
  126  15:43  Marine  
  126  15:44  Marine  
  126  15:49  Marauder  
Show
View Real Time Build Order
Export as new Build Order

qqq Zerg 

Build Orders: Hatch First, Lurkers 

Get SALT Encoding   

  12  0:00  Drone  
  13  0:08  Drone  
  14  0:25  Overlord  
  14  0:45  Drone  
  14  0:46  Hatchery  
  14  0:51  Drone  
  14  0:54  Drone  
  16  0:59  Extractor  
  15  1:17  Spawning Pool  
  14  1:22  Drone x2  
  16  1:29  Drone  
  17  1:49  Drone x2  
  19  1:56  Drone  
  20  2:03  Queen  
  20  2:05  Queen  
  25  2:08  Drone  
  25  2:15  Overlord  
  25  2:27  Drone x2  
  27  2:30  Metabolic Boost  
  27  2:35  Evolution Chamber  
  27  2:36  Drone  
  27  2:38  Zergling x2  
  27  2:41  Drone  
  29  2:47  Overlord  
  29  2:51  Drone  
  30  2:54  Zergling x2  
  30  2:56  Drone  
  32  2:59  Zergling x2  
  32  3:09  Zergling x2  
  33  3:19  Zergling x6  
  34  3:23  Zerg Melee Weapons Level 1  
  34  3:26  Zergling x2  
  35  3:27  Zergling x2  
  35  3:28  Zergling x4  
  37  3:37  Drone  
  38  3:45  Evolution Chamber  
  38  3:48  Drone  
  38  3:49  Zergling x6  
  42  4:02  Zergling x2  
  42  4:03  Zergling x2  
  43  4:16  Zergling x2  
  44  4:17  Overlord x2  
  44  4:18  Overlord x3  
  44  4:25  Zerg Ground Armor Level 1  
  43  4:49  Zergling x8  
  43  4:50  Drone, Zergling x4  
  43  4:51  Zergling x6  
  41  5:16  Zergling x4  
  41  5:17  Drone, Zergling x4  
  41  5:18  Drone x3  
  47  5:25  Spore Crawler  
  47  5:26  Lair  
  46  5:30  Drone  
  47  5:38  Zergling x2  
  47  5:39  Zergling x2  
  49  5:48  Hatchery  
  48  5:51  Zergling x2  
  48  5:52  Zergling x4  
  51  5:57  Spore Crawler  
  51  6:04  Queen  
  47  6:14  Zerg Missile Weapons Level 1  
  46  6:19  Drone x3  
  46  6:20  Drone x3  
  46  6:23  Extractor  
  51  6:28  Drone x3, Hydralisk Den  
  53  6:35  Drone  
  53  6:38  Extractor  
  53  6:39  Extractor, Drone  
  53  6:50  Drone x3  
  53  6:51  Overlord  
  53  6:52  Drone  
  57  6:54  Zerg Ground Armor Level 2  
  57  6:57  Drone x3  
  57  6:58  Hydralisk  
  62  7:04  Drone x2  
  64  7:14  Hydralisk  
  66  7:16  Hydralisk  
  66  7:18  Drone  
  66  7:22  Drone x2  
  71  7:31  Queen  
  71  7:32  Drone  
  71  7:34  Drone  
  75  7:43  Hydralisk x4  
  83  7:45  Drone  
  84  7:54  Muscular Augments  
  84  7:56  Zergling x2  
  84  7:57  Drone, Zergling x6  
  89  8:02  Extractor  
  88  8:09  Hydralisk x2  
  92  8:15  Extractor  
  91  8:20  Hatchery  
  90  8:30  Hydralisk x3  
  90  8:32  Overlord x2  
  90  8:33  Drone  
  94  9:02  Hydralisk x4  
  94  9:04  Drone x3  
  94  9:05  Grooved Spines  
  94  9:08  Zerg Melee Weapons Level 2  
  105  9:12  Hatchery  
  105  9:16  Hatchery, Hydralisk, Infestation Pit  
  105  9:17  Hydralisk  
  102  9:20  Drone  
  107  9:27  Drone x2, Zerg Missile Weapons Level 2  
  109  9:34  Hydralisk, Overlord  
  109  9:36  Drone  
  112  9:48  Lurker Den  
  111  9:57  Hydralisk x5  
  121  10:15  Overlord x3  
  121  10:23  Hydralisk  
  121  10:24  Hydralisk  
  121  10:25  Hydralisk  
  121  10:28  Drone  
  128  10:31  Hive  
  128  10:42  Hydralisk x3, Overlord  
  128  10:43  Drone  
  135  10:54  Extractor  
  134  10:58  Extractor  
  133  11:14  Drone x5  
  133  11:15  Drone x4  
  133  11:16  Hydralisk x4  
  133  11:17  Hydralisk x2  
  154  11:26  Drone  
  155  11:35  Drone x2, Hydralisk x2  
  161  11:44  Hydralisk x2  
  165  11:47  Zerg Missile Weapons Level 3, Zerg Ground Armor Level 3  
  165  12:11  Ultralisk Cavern, Lurker  
  165  12:12  Overlord x4  
  165  12:13  Overlord x2  
  165  12:15  Seismic Spines  
  165  12:22  Ultralisk Cavern  
  164  12:27  Overlord x4  
  164  12:37  Drone x3  
  167  12:49  Lurker x4  
  167  12:50  Lurker  
  169  13:13  Adaptive Talons  
  98  14:00  Hydralisk x8  
  98  14:01  Hydralisk x4  
  98  14:02  Hydralisk x3  
  112  14:11  Hydralisk x2  
  112  14:16  Viper  
  119  14:24  Hatchery  
  115  14:34  Ultralisk  
  115  14:35  Hydralisk x4, Ultralisk  
  115  14:37  Viper x3  
  115  14:38  Drone x3  
  141  14:44  Anabolic Synthesis  
  141  14:52  Extractor  
  140  14:53  Spore Crawler  
  140  14:57  Extractor  
  140  14:58  Spine Crawler  
  140  14:59  Spine Crawler, Spore Crawler  
  135  15:01  Spore Crawler  
  135  15:02  Spine Crawler  
  135  15:04  Ultralisk x3  
  129  15:22  Hydralisk x6  
  129  15:23  Hydralisk x3  
  134  15:33  Hydralisk x2  
  134  15:34  Hydralisk  
  99  15:46  Hydralisk x3  
  99  15:48  Hydralisk  
Tags
 
Add a new tag
Caveats
  • Supply blocks, unpowered buildings, or Contaminate may cause inaccurate times.
  • Supply counts are checked every 10 seconds.